 Dungeon Crawl Stone Soup version 0.30.1-4-g462c640d31 (webtiles) character file.

Game seed: 8372957594656382449

571 Peloso the Slasher (level 7, 0/61 HPs)
             Began as a Minotaur Fighter on Aug 22, 2023.
             Killed by divine providence
             ... invoked by an orc priest
              (13 damage)
             ... on level 3 of the Dungeon.
             The game lasted 00:05:18 (2871 turns).

Peloso the Slasher (Minotaur Fighter)               Turns: 2871, Time: 00:05:18

Health: 0/61       AC: 12    Str: 20    XL:     7   Next: 12%
Magic:  6/6        EV:  6    Int:  5    God:
Gold:   141        SH:  5    Dex: 12    Spells: 6/6 levels left

rFire   . . .        a - +0 long sword
rCold   . . .        d - +0 buckler
rNeg    . . .        c - +0 plate armour
rPois   .            (helmet restricted)
rElec   .            (no cloak)
rCorr   .            (no gloves)
SInv    .            (no boots)
Will    .....        (no amulet) Stlth
                     (no ring)
HPRegen 0.30/turn    (no ring)
MPRegen 0.10/turn

%: no passive effects
@: weakened
A: horns 2, retaliatory headbutt
a: no special abilities


You were on level 3 of the Dungeon.
You visited 1 branch of the dungeon, and saw 4 of its levels.

You collected 141 gold pieces.

Inventory:

Hand Weapons
 a - a +0 long sword (weapon)
Armour
 b - a +0 scale mail
 c - a +0 plate armour (worn)
 d - a +0 buckler (worn)
Jewellery
 l - an amulet of reflection
Wands
 n - a wand of polymorph (4)
Scrolls
 e - a scroll of identify
 h - a scroll of fear
 i - a scroll of magic mapping
 m - 2 scrolls of amnesia
 p - a scroll of teleportation
Potions
 f - 2 potions of heal wounds
 g - 3 potions of curing
 j - 2 potions of might
 k - a potion of brilliance
 o - a potion of invisibility
 q - a potion of mutation


   Skills:
 + Level 5.4 Fighting
 + Level 6.4 Long Blades
 + Level 5.4 Armour
 + Level 0.6 Dodging
 + Level 0.3 Stealth
 + Level 4.7 Shields
 + Level 1.0 Unarmed Combat


You had 6 spell levels left.
You didn't know any spells.
Your spell library was empty.

Dungeon Overview and Level Annotations

Branches:
Dungeon (4/15)
 Temple: D:4-7

Altars:


Innate Abilities, Weirdness & Mutations

You have a pair of horns on your head.
You reflexively headbutt those who attack you in melee.


Message History

a +0 flail; a +0 whip Your attacks no longer feel as feeble.
The orc priest looks encouraged for a moment.
The gnoll completely misses you. The gnoll hits you with a +0 halberd.
You hit the gnoll.
The gnoll is moderately wounded.
The gnoll hits you with a +0 halberd.
You hit the gnoll. You headbutt the gnoll!
You kill the gnoll!
The orc priest invokes the aid of Beogh against you.
You struggle to resist.
You hit the gnoll bouda but do no damage.
The gnoll bouda hits you but does no damage.
You barely miss the gnoll bouda. Your headbutt misses the gnoll bouda.
You block the gnoll bouda's attack.
You hit the gnoll bouda.
The gnoll bouda is lightly wounded.
The orc priest calls down the wrath of Beogh upon you.
Beogh smites you! The gnoll bouda barely misses you.
You slash the gnoll bouda!
The gnoll bouda is severely wounded.
The gnoll bouda gazes fiercely through you!
You feel your attacks grow feeble.
The gnoll bouda hits you but does no damage.
You completely miss the gnoll bouda.
The gnoll bouda is severely wounded.
The gnoll bouda hits you but does no damage.
You hit the gnoll bouda but do no damage.
You headbutt the gnoll bouda.
The gnoll bouda is almost dead.
The orc priest mumbles some strange prayers to Beogh against you.
Beogh smites you!
* * * LOW HITPOINT WARNING * * *
The gnoll bouda gazes fiercely through you!
You feel as though you will be weak longer.
You block the gnoll bouda's attack.
The orc priest calls down the wrath of Beogh upon you.
Beogh smites you!
You die...

#........# #.............
#........###....###...###
#............#### #...###
#........#.#.######......
#....#.###.#.#...........
#...##.# #.#.#....)##....
#...##.###.#.#......#....
#......#...#.#......#.###
##########@###.#......#.# #
#.....####g###......#.#.# #
#######.....#...o.^..######.#.# #
#...........#..#####.# #....#.# #
#...........#)[...##.# #.####.###
#...........#>).#.##.# #.####.#..
#.......#####)#......# #.........
#.......#####.##.....#######.##.#
#..........##.....##.......#....#


You could see a gnoll bouda and an orc priest.

Vanquished Creatures
  Grinder (D:3)
  2 scorpions (D:3)
  An orc priest (D:3)
  8 gnolls
  6 adders
  A worm (D:4)
  A dart slug (D:2)
  7 orcs
  10 endoplasms
  21 giant cockroaches
  5 goblins
  5 hobgoblins
  5 jackals
  4 quokkas
  10 ball pythons
  12 bats
  A frilled lizard (D:3)
  6 kobolds
  3 rats
109 creatures vanquished.

Notes
Turn   | Place    | Note
-------+----------+-------------------------------------------
     0 | D:1      | Peloso the Minotaur Fighter began the quest for the Orb.
     0 | D:1      | Reached XP level 1. HP: 19/19 MP: 0/0
    79 | D:1      | Reached XP level 2. HP: 24/27 MP: 1/1
   581 | D:2      | Reached skill level 3 in Long Blades
   581 | D:2      | Reached XP level 3. HP: 33/33 MP: 2/2
   771 | D:2      | Reached XP level 4. HP: 41/41 MP: 3/3
  1695 | D:3      | Reached skill level 4 in Long Blades
  1815 | D:3      | Noticed a scorpion
  1824 | D:3      | Killed a scorpion
  1825 | D:3      | Reached XP level 5. HP: 47/47 MP: 4/4
  1862 | D:3      | Noticed Grinder
  1869 | D:3      | Paralysed by Grinder for 3 turns
  1875 | D:3      | Paralysed by Grinder for 3 turns
  1883 | D:3      | Killed Grinder
  1884 | D:3      | Reached skill level 5 in Fighting
  1884 | D:3      | Reached skill level 5 in Long Blades
  1884 | D:3      | Reached skill level 5 in Armour
  1884 | D:3      | Reached XP level 6. HP: 23/56 MP: 5/5
  2267 | D:3      | Identified the +0 leather armour of Boxampoq {Str+5}
  2716 | D:3      | Reached skill level 6 in Long Blades
  2737 | D:3      | Reached skill level 1 in Unarmed Combat
  2737 | D:3      | Reached XP level 7. HP: 35/61 MP: 6/6
  2871 | D:3      | Killed from afar by an orc priest

Illustrated notes

Levels and vault maps discovered:
D:1:      dpeg_arrival_pond, layout_basic
D:2:      layout_basic, grunt_ministairs_15, minmay_between
D:3:      minmay_roachtagon, layout_basic, uniq_grinder
D:4:      layout_cave_pools, tso_oasis_becter, minmay_temple_entry_grid,
          dilly_guarded_unrand_morg

Skill      XL: |  1  2  3  4  5  6 |
---------------+-------------------+-----
Fighting       | 4 5 |  5.4
Armour         | 4 5 |  5.4
Long Blades    | 3 4 5 6 |  6.4
Shields        | 4 |  4.7
Unarmed Combat | 1 |  1.0
Dodging        | |  0.6
Stealth        | |  0.3

Action                     |  1- 3 |  4- 6 |  7- 9 || total
---------------------------+-------+-------+-------++-------
  Melee: Long sword        |    72 |   160 |    22 ||   254
         Headbutt          |     9 |    33 |     3 ||    45
         Unarmed           |       |     6 |       ||     6
    Use: Scroll            |     1 |     7 |       ||     8
         Potion            |     1 |       |       ||     1
 Armour: Scale mail        |    42 |    25 |       ||    67
         Plate armour      |       |    79 |    14 ||    93
  Dodge: Dodged            |    44 |    50 |     7 ||   101
  Block: Buckler           |    13 |    42 |     7 ||    62
